 Dungeon Crawl Stone Soup version 0.32-a0-791-gfc315c9ecd (webtiles) character file.

Game seed: 6683902318155131138

5764 ezpacito the Chopper (level 10, -1/69 HPs)
             Began as a Coglin Chaos Knight on Mar 20, 2024.
             Was a Plaything of Xom.
             Slain by a gnoll bouda
             ... wielding a +0 halberd
              (3 damage)
             ... in a bailey.
             The game lasted 00:11:55 (9052 turns).

ezpacito the Chopper (Coglin Chaos Knight)          Turns: 9052, Time: 00:11:55

Health: -1/69      AC: 10    Str: 14 (17) XL:     10   Next: 78%
Magic:  5/5        EV: 13    Int: 15      God:    Xom [.*....]
Gold:   528        SH:  0    Dex: 13 (14) Spells: 8/15 levels left

rFire   . . .        a - +2 hand axe (chaos) {Otto}
rCold   . . .        A - +5 spear "Enehujer" {flame, rN++ MP-9 Int+4}
rNeg    + + .        f - +2 steam dragon scales
rPois   .            (no helmet)
rElec   .            b - +1 cloak
rCorr   .            (no gloves)
SInv    .            (no boots)
Will    .....        (amulet unavailable)
Stlth   ++           (ring unavailable)
HPRegen 0.31/turn    (ring unavailable)
MPRegen 0.09/turn    (no gizmo)

%: no passive effects
@: about to teleport, studying Maces & Flails, revved
A: off-hand wielding, slow wielding, warmup strikes, no jewellery, deterioration
1, frail 1, MP-powered wands
a: Invent Gizmo, Renounce Religion


You were in a bailey.
You worshipped Xom.
You were a plaything of Xom.
You visited 1 branch of the dungeon, and saw 8 of its levels.
You also visited: Ossuary and Bailey.

You collected 528 gold pieces.

Inventory:

Hand Weapons
 a - a +2 hand axe of chaos (weapon) {Otto}
 c - a +3 trident of draining {Ntombi}
 k - a +3 dagger of draining {Kasem}
 s - a +2 whip of flaming
 x - a +1 battleaxe
 y - a +3 hand axe of freezing
 A - the +5 spear "Enehujer" (offhand) {flame, rN++ MP-9 Int+4}
   (You found it on level 7 of the Dungeon)

   Int+4:     It affects your intelligence (+4).
   rN++:      It greatly protects you from negative energy.
   MP-9:      It affects your magic capacity (-9).
 D - the +0 rapier "Uggydeup" {distort, rF- Will+ Int+2 SInv}
   (You found it on level 7 of the Dungeon)

   Int+2:     It affects your intelligence (+2).
   rF-:       It makes you vulnerable to fire.
   Will+:     It increases your willpower.
   SInv:      It lets you see invisible.
Missiles
 e - 11 poisoned darts (quivered)
 h - 2 throwing nets
 v - 2 silver javelins
Armour
 b - a +1 cloak (worn)
 f - +2 steam dragon scales (worn)
 L - a +0 helmet
Magical Staves
 w - a staff of alchemy
 z - a staff of air
Talismans
 g - a beast talisman
 j - a serpent talisman
Wands
 m - a wand of flame (7)
 C - a wand of polymorph (21)
Scrolls
 p - 2 scrolls of noise
 t - a scroll of teleportation
 u - 3 scrolls of immolation
 B - 3 scrolls of blinking
 F - a scroll of poison
 G - a scroll of vulnerability
Potions
 n - a potion of lignification
 o - 3 potions of brilliance
 I - 3 potions of enlightenment
 J - 2 potions of mutation


   Skills:
 * Level 6.8 Fighting
 * Level 7.0(8.0) Axes
 + Level 3.2(5.2) Maces & Flails
 + Level 3.9(5.7) Polearms
 * Level 6.0 Armour
 * Level 5.5 Dodging
 + Level 3.7 Stealth
 + Level 3.2 Spellcasting
 + Level 3.8 Alchemy
 + Level 4.7 Evocations


You had 8 spell levels left.
You knew the following spells:

 Your Spells              Type           Power      Damage    Failure   Level
a - Yara's Violent Unrav  Hex/Alch       4%         3d4       94%         5
b - Ensorcelled Hibernat  Hex/Ice        4%         N/A       30%         2

Your spell library contained the following spells:

 Spells                   Type           Power      Damage    Failure   Level
 Apportation              Tloc           4%         N/A       21%         1
 Jinxbite                 Hex            4%         N/A       30%         2
 Scorch                   Fire           4%         2d5       30%         2
 Dazzling Flash           Conj/Hex       4%         N/A       52%         3
 Fugue of the Fallen      Necr           2%         N/A       52%         3
 Tukima's Dance           Hex            2%         N/A       52%         3
 Alistair's Intoxication  Alch           9%         N/A       73%         5
 Anguish                  Hex/Necr       1%         N/A       89%         4
 Flame Wave               Conj/Fire      2%         2d4       89%         4
 Passage of Golubria      Tloc           2%         N/A       89%         4
 Starburst                Conj/Fire      1%         6d3       100%        6
 Summon Cactus Giant      Summ           1%         N/A       100%        6
 Maxwell's Capacitive Co  Air            1%         ∞         100%        8


Dungeon Overview and Level Annotations

Branches:
Dungeon (8/15)             Temple (0/1) D:6         Ossuary (visited)
 Bailey (1/1)
   Lair: D:8-11

Altars:
Ashenzari
Nemelex Xobeh
Zin

Shops:
D:8 (

Annotations:
D:8 1 runed translucent door, Gastronok; ezpacito's ghost, novice CoCK


Innate Abilities, Weirdness & Mutations

You can wield a second weapon in your off-hand.
It takes a long time for you to wield or remove held weapons.
Your first few attacks do less damage.
You cannot equip rings or amulets.
Your body sometimes deteriorates upon taking damage.
You are frail. (-10% HP)
You expend magic power (3 MP) to strengthen your wands.


Message History

Your butterfly looks even sicker.
You kill your butterfly!
Your butterfly disappears in a burst of colours!
Your butterfly is engulfed in poison gas.
Your butterfly looks even sicker.
You kill your butterfly!
Your butterfly disappears in a burst of colours!
Your butterfly is poisoned.
Your butterfly is engulfed in poison gas.
Your butterfly looks even sicker.
You kill your butterfly!
Your butterfly disappears in a burst of colours!
You take 7 damage, and have 1/69 hp.
The air fills with toxic fumes!
As you read the scroll of poison, it crumbles to dust.
Your attacks no longer feel as feeble.
You kill your butterfly!
Your butterfly disappears in a burst of colours!
You kill your butterfly!
Your butterfly disappears in a burst of colours!
Your butterfly is poisoned.
Your butterfly looks even sicker.
The gnoll sergeant is engulfed in poison gas.
The gnoll sergeant looks even sicker.
The gnoll bouda misses you.
The gnoll sergeant hits you but does no damage.
Your butterfly is engulfed in poison gas.
Your butterfly looks even sicker.
You kill your butterfly!
Your butterfly disappears in a burst of colours!
The gnoll is engulfed in poison gas.
The gnoll is poisoned.
Hit: a) +2 hand axe (chaos) {Otto}
Press: ? - help, Dir - move target, f/p - gnoll sergeant
Aim: a gnoll sergeant, wielding a +0 glaive and wearing a +0 chain mail (heavily wounded, covering ground quickly, about 23% to evade your +2 hand axe of chaos)
You reach to attack!
You puncture the gnoll sergeant with the +5 spear "Enehujer"!
You burn the gnoll sergeant.
The gnoll sergeant is severely wounded.
The gnoll sergeant misses you.
The gnoll bouda hits you from afar with a +0 halberd.
You die...
Xom chuckles heartily!

♣≈..#..).##...## #..≈..♣♣
♣≈..##)###..)..######..≈...♣♣
♣≈...)).#.....).#.).'..)....♣
♣≈...).)'...ß.))'...'....†.∩.
♣≈......#......)#.).'....)..♣
♣≈..##)###.....######..≈...♣♣
♣≈..#§§§.##...## §+ #..≈...♣
♣≈..#§§§§§#####h§§# #..≈...♣
♣≈..#§§§§§§§@§gg§§# #..≈..♣♣
♣≈..##§§§§§§#§gg§§# #..≈.♣♣
♣≈...##§ß§§§#§g§ß§# #..≈.♣
♣≈≈.. ############# ..≈≈♣♣
♣♣≈≈≈


You could see 3 gnoll sergeants, a wolf, a gnoll bouda and a gnoll (swift,
poisoned).

Vanquished Creatures
  Pikel (D:6)
  2 deep elf pyromancers (D:7)
  An ugly thing (D:7)
  A gargoyle (D:7)
  A rime drake (D:6)
  A steam dragon (D:5)
  A water moccasin (D:5)
  An orc warrior (D:7)
  An ice beast (D:6)
  A black bear (D:6)
  An ogre (D:7)
  A wolf (Bailey)
  A centaur (D:6)
  A phantom (D:7)
  A lemure (D:6)
  Blork the orc (D:6)
  An elf zombie (Ossuary)
  5 gnoll sergeants
  3 bullfrogs
  7 scorpions
  7 wights (D:6)
  3 howler monkeys (D:7)
  2 jellies
  Crazy Yiuf (D:4)
  6 gnoll boudas
  An orc priest (D:7)
  A sleepcap (D:7)
  4 hounds
  3 iguanas
  3 orc wizards
  5 ogre zombies (Ossuary)
  7 mummies (Ossuary)
  7 adders
  21 gnolls
  2 white imps
  4 ufetubi
  2 adder zombies (Ossuary)
  3 dart slugs
  A ribbon worm (D:2)
  21 orcs
  11 endoplasms
  3 giant cockroaches
  12 goblins
  A hobgoblin (D:2)
  7 jackals
  2 quokkas
  8 ball pythons
  4 bats
  2 frilled lizards (D:3)
  4 goblin zombies (Ossuary)
  4 hobgoblin zombies (Ossuary)
  12 kobolds
  4 kobold zombies (Ossuary)
  An orc zombie (Ossuary)
  3 quokka zombies (Ossuary)
  6 rats
  6 rat zombies (Ossuary)
227 creatures vanquished.

Notes
Turn   | Place    | Note
-------+----------+-------------------------------------------
     0 | D:1      | ezpacito the Coglin Chaos Knight began the quest for the
                  | Orb.
     0 | D:1      | Reached XP level 1. HP: 18/18 MP: 1/1
   235 | D:1      | Reached skill level 1 in Dodging
   255 | D:1      | Reached XP level 2. HP: 24/24 MP: 2/2
   647 | D:1      | Reached XP level 3. HP: 29/29 MP: 3/3
   918 | D:2      | XOM: confuse monster(s)
   925 | D:2      | Reached skill level 1 in Polearms
   937 | D:2      | XOM: 1-stop teleportation journey
   985 | D:2      | XOM: god gift: robe {god gift}
  1122 | D:2      | XOM: cloud trail
  1331 | D:2      | Reached XP level 4. HP: 28/35 MP: 4/4
  1346 | D:2      | XOM: torment (16/35 hp)
  1391 | D:2      | XOM: god gift: book of Dreams
  1395 | D:2      | XOM: give mutations
  1395 | D:2      | Gained mutation: You have a pair of small antennae on your
                  | head. [Xom's grace]
  1395 | D:2      | Gained mutation: Your spells are a little harder to cast,
                  | but a little more powerful. [Xom's grace]
  1444 | D:2      | You fall into a shaft and drop 1 floor!
  2144 | D:3      | Found a glowing silver altar of Zin.
  2554 | D:3      | XOM: polymorph orc priest -> goblin
  2558 | D:3      | XOM: draining
  2566 | D:3      | Reached XP level 5. HP: 21/37 MP: 6/6
  3136 | D:4      | XOM: give mutations
  3136 | D:4      | Gained mutation: You expend magic power (3 MP) to
                  | strengthen your wands. [Xom's mischief]
  3136 | D:4      | Gained mutation: You possess an exceptional clarity of
                  | mind. [Xom's mischief]
  3136 | D:4      | Lost mutation: You possess an exceptional clarity of mind.
                  | [Xom's mischief]
  3136 | D:4      | Gained mutation: Your body sometimes deteriorates upon
                  | taking damage. [Xom's mischief]
  3157 | D:4      | Found a runed translucent door.
  3158 | D:4      | Noticed Crazy Yiuf
  3169 | D:4      | Killed Crazy Yiuf
  3170 | D:4      | Reached skill level 1 in Spellcasting
  3322 | D:4      | Reached XP level 6. HP: 43/48 MP: 7/7
  3422 | D:4      | Reached skill level 4 in Axes
  3422 | D:4      | Reached skill level 1 in Stealth
  3509 | D:4      | XOM: 1-stop teleportation journey
  3690 | D:4      | Learned a level 5 spell: Yara's Violent Unravelling
  3693 | D:4      | Learned a level 2 spell: Ensorcelled Hibernation
  3748 | D:5      | Entered Level 5 of the Dungeon
  4031 | D:4      | Reached XP level 7. HP: 40/54 MP: 8/8
  4156 | D:5      | Reached skill level 1 in Evocations
  4250 | D:5      | Found a broken altar of Ashenzari.
  4368 | D:5      | Noticed a steam dragon
  4369 | D:5      | XOM: confusion (+ monsters)
  4380 | D:5      | Killed a steam dragon
  4381 | D:5      | Reached skill level 1 in Alchemy
  4461 | D:5      | XOM: noise
  4483 | D:5      | Reached XP level 8. HP: 45/61 MP: 10/10
  5072 | D:6      | Reached skill level 5 in Axes
  5238 | D:6      | XOM: enchant monster (good)
  5241 | D:6      | Reached skill level 5 in Fighting
  5255 | D:6      | Found a staircase to the Ecumenical Temple.
  5389 | D:6      | XOM: cloud trail
  5519 | D:6      | Noticed Pikel
  5527 | D:6      | XOM: enchant monster (good)
  5528 | D:6      | Killed Pikel
  5529 | D:6      | Reached XP level 9. HP: 48/68 MP: 12/12
  5540 | D:6      | XOM: cloud trail
  6176 | D:6      | Noticed Jeremiah
  6193 | D:6      | XOM: enchant monster (good)
  6198 | D:6      | XOM: polymorph butterfly -> adder
  6202 | D:6      | XOM: enchant monster (bad)
  6203 | D:6      | XOM: cast spell 'Disjunction'
  6423 | D:6      | Jeremiah changed into Jeremiah the rime drake
  6423 | D:6      | Noticed Jeremiah
  6423 | D:6      | XOM: cast spell 'Leda's Liquefaction'
  6426 | D:6      | XOM: cast spell 'Monstrous Menagerie'
  6433 | D:6      | Killed Jeremiah the rime drake
  6434 | D:6      | Reached skill level 5 in Armour
  6471 | D:6      | XOM: silly message
  6604 | D:6      | Noticed Blork the orc
  6612 | D:6      | Killed Blork the orc
  6613 | D:6      | Reached skill level 6 in Axes
  6663 | D:6      | XOM: god gift: 5 stones
  6888 | D:7      | XOM: god gift: 2 silver javelins
  6996 | D:7      | XOM: silly message
  7081 | D:7      | Reached skill level 1 in Maces & Flails
  7086 | D:7      | Identified the +5 spear "Enehujer" {flame, rN++ MP-9 Int+4}
  7186 | D:7      | Noticed a gargoyle
  7202 | D:7      | Noticed a deep elf pyromancer
  7204 | D:7      | XOM: potion effect (haste)
  7207 | D:7      | XOM: potion effect (invisibility)
  7209 | D:7      | Killed a deep elf pyromancer
  7210 | D:7      | Reached skill level 5 in Dodging
  7210 | D:7      | Reached XP level 10. HP: 77/77 MP: 5/14
  7211 | D:7      | Noticed a deep elf pyromancer
  7219 | D:7      | Killed a deep elf pyromancer
  7246 | D:7      | Killed a gargoyle
  7374 | D:7      | Identified the +0 rapier "Uggydeup" {distort, rF- Will+
                  | Int+2 SInv}
  7444 | D:7      | Noticed a red ugly thing
  7450 | D:7      | Found a sand-covered staircase.
  7453 | D:7      | XOM: potion effect (attraction)
  7458 | D:7      | XOM: potion effect (brilliance)
  7459 | D:7      | HP: 2/77 [red ugly thing (18)]
  7461 | D:7      | Lost mutation: You have a pair of small antennae on your
                  | head. [potion of mutation]
  7461 | D:7      | Lost mutation: Your spells are a little harder to cast, but
                  | a little more powerful. [potion of mutation]
  7461 | D:7      | Gained mutation: You are frail. (-10% HP) [potion of
                  | mutation]
  7462 | D:7      | Killed a red ugly thing
  7509 | Ossuary  | Entered an ossuary
  8350 | D:7      | Found a sparkling altar of Nemelex Xobeh.
  8357 | D:7      | XOM: silly message
  8358 | D:7      | XOM: silly message
  8412 | D:8      | XOM: silly message
  8436 | D:8      | Found a runed translucent door.
  8436 | D:8      | Noticed ezpacito's ghost (novice CoCK)
  8558 | D:8      | Found Vezxanem's Weapon Boutique.
  8563 | D:8      | Noticed Gastronok
  8574 | D:8      | XOM: 2-stop teleportation journey
  8588 | D:8      | Found a flagged portal.
  8643 | Bailey   | Entered a bailey
  8649 | Bailey   | XOM: enchant monster (bad)
  8704 | Bailey   | Reached skill level 7 in Axes
  8845 | Bailey   | XOM: confusion (+ monsters)
  9023 | Bailey   | XOM: swap monsters
  9050 | Bailey   | XOM: noise
  9050 | Bailey   | HP: 1/69 [gnoll sergeant/+0 glaive (7)]
  9052 | Bailey   | Slain by a gnoll bouda

Illustrated notes

Levels and vault maps discovered:
D:1:      scummos_arrival_star, layout_basic
D:2:      layout_rooms, minmay_misc_feat_pillars, serial_bayou_crossing
D:3:      cheibrodos_pilgrimage, layout_basic, zin_treasury,
          lexackson_kobold_supper
D:4:      layout_basic, uniq_crazy_yiuf_cottage
D:5:      layout_basic, ashenzari_conservatory_becter,
          kennysheep_generic_room_13
D:6:      layout_layer_cave, minmay_temple_entry_overgrown,
          roderic_roman_lattice, uniq_blork_the_orc, uniq_jeremiah, uniq_pikel
D:7:      minmay_chambers_of_sixes, layout_loops_ring,
          nemelex_dance_club_becter, chequers_ossuary_entry_cave
D:8:      layout_rooms, gammafunk_ghost_grave, serial_shops, shop,
          enter_bailey_3, uniq_gastronok
Bailey:   bailey_polearm_gnolls_kennysheep, bailey

Skill      XL: |  1  2  3  4  5  6  7  8  9 10 |
---------------+-------------------------------+-----
Armour         | 2 3 4 5 6 |  6.0
Dodging        | 1 2 3 4 5 |  5.5
Polearms       | 1 2 3 |  3.9
Spellcasting   | 1 2 3 |  3.2
Axes           | 4 5 6 7 |  7.0
Stealth        | 1 2 3 |  3.7
Fighting       | 4 5 6 |  6.8
Evocations     | 1 3 4 |  4.7
Alchemy        | 1 2 3 |  3.8
Maces & Flails | 1 3 |  3.2

Action                     |  1- 3 |  4- 6 |  7- 9 | 10-12 || total
---------------------------+-------+-------+-------+-------++-------
  Melee: Hand axe          |    83 |    86 |   183 |   109 ||   461
         Dagger            |    46 |    79 |   146 |       ||   271
         Spear             |    41 |    23 |    13 |   208 ||   285
         Trident           |       |       |    42 |       ||    42
  Throw: Dart              |       |       |    10 |       ||    10
  Evoke: Wand              |       |       |     2 |     5 ||     7
    Use: Potion            |       |     6 |     2 |    10 ||    18
         Scroll            |       |     9 |     8 |    14 ||    31
   Stab: Confused          |     1 |     1 |       |     4 ||     6
         Sleeping          |     1 |     1 |     5 |    18 ||    25
         Invisible         |       |       |     5 |     4 ||     9
         Petrifying        |       |       |     5 |       ||     5
         Held in net/web   |       |       |     2 |       ||     2
         Petrified         |       |       |     2 |       ||     2
         Paralysed         |       |       |     3 |     3 ||     6
 Armour: Leather armour    |    43 |    69 |       |       ||   112
         Skin              |       |     2 |       |       ||     2
         Chain mail        |       |       |    35 |       ||    35
         Steam dragon scal |       |       |    91 |    89 ||   180
  Dodge: Dodged            |    54 |    59 |   110 |   144 ||   367

Table legend: (Time is in decaauts)
 A = Elapsed time spent in this place.
 B = Non-inter-level travel time spent in this place.
 C = Inter-level travel time spent in this place.
 D = Time resting spent in this place.
 E = Time spent auto-exploring this place.
 F = Levels seen in this place.
 G = Mean time per level.
                   A        B        C        D        E       F      G
               +--------+--------+--------+--------+--------+-----+--------+
         Total |   9041 |   8710 |    331 |    557 |   6579 |  10 |  904.1 |
       Dungeon |   8054 |   7723 |    331 |    235 |   6188 |   8 | 1006.8 |
       Ossuary |    575 |    575 |      0 |    160 |    269 |   1 |  575.0 |
        Bailey |    411 |    411 |      0 |    161 |    122 |   1 |  411.0 |
               +--------+--------+--------+--------+--------+-----+--------+

Top non-repeatable levels by time:
     D:6: 2086 daAuts
     D:3: 1335 daAuts
     D:7: 1013 daAuts
     D:1: 918 daAuts
     D:5: 902 daAuts
     D:2: 815 daAuts
     D:4: 741 daAuts
 Ossuary: 575 daAuts
  Bailey: 411 daAuts
     D:8: 242 daAuts
